[Event "Early-Titled-Tuesday-Blitz-March-26-2024"]
[Site "Chess.com"]
[Date "2024.03.26"]
[Round "11"]
[White "SlavenPastar"]
[Black "Chessdude1987"]
[Result "0-1"]
[WhiteElo "2557"]
[BlackElo "2412"]
[TimeControl "180+1"]
[EndTime "10:03:36 PDT"]
[Termination "Chessdude1987 won by resignation"]

1. b3 f5 2. Bb2 d6 3. d3 e5 4. Nd2 Nf6 5. g3 c5 6. Bg2 Be7 7. e4 f4 8. f3 O-O 9. g4 h5 10. g5 Nh7 11. h4 Nc6 12. Qe2 Nd4 13. Qd1 b5 14. a4 b4 15. Ne2 Be6 16. Nxd4 cxd4 17. Nc4 a5 18. Qe2 Ra6 19. Kf2 Qd7 20. Kg1 Re8 21. Kh2 Nf8 22. Qf2 Ng6 23. Bc1 Rf8 24.
Bd2 d5 25. exd5 Bxd5 26. Rae1 Bxc4 27. dxc4 Bd6 28. Bh3 Qf7 29. Re2 Ne7 30. c5 Bc7 31.
Bd7 Nf5 32. Bb5 Re6 33. Rg1 Ne3 34. Bxe3 fxe3 35. Qg2 e4+ 36. f4 Qxf4+ 37. Kh3 Qf3+ 38. Qxf3 Rxf3+ 39. Kg2 Re5 40. Bc4+ Kf8 41. c6 Ke7 42. Ree1 Rf2+ 43. Kh1 Ref5 44. Rg2 Rxg2 45. Kxg2 Rf2+ 46.
Kg1 Rxc2 47. Rf1 e2 48. Rf7+ Kd6 49. Kf2 d3 50. Rxg7 Bb6+ 51. Kg2 e1=Q+ 0-1

[Event "Early-Titled-Tuesday-Blitz-March-26-2024"]
[Site "Chess.com"]
[Date "2024.03.26"]
[Round "11"]
[White "SaiHanThiha"]
[Black "rcmz"]
[Result "1-0"]
[WhiteElo "2559"]
[BlackElo "2203"]
[TimeControl "180+1"]
[EndTime "10:03:43 PDT"]
[Termination "SaiHanThiha won on time"]

1. Nf3 d6 2. g3 Nd7 3. d4 h6 4. e4 c6 5. Bg2 g5 6. O-O Bg7 7. Re1 Qc7 8. c4 e5 9. d5 c5 10. Nc3 a6 11. Bh3 Nf8 12. Bxc8 Qxc8 13. h4 Nf6 14. Kg2 Ng6 15. Rh1 gxh4 16. Nxh4 Ne7 17.
Qf3 Qd7 18. Bd2 O-O-O 19. Rab1 Rdg8 20. b4 Ng4 21. bxc5 dxc5 22. Rb6 f5 23. Nxf5 Nxf5 24.
Qxf5 Qxf5 25. exf5 Rf8 26. Rhb1 Rxf5 27. Ne4 Nf6 28. Nd6+ 1-0

[Event "Early-Titled-Tuesday-Blitz-March-26-2024"]
[Site "Chess.com"]
[Date "2024.03.26"]
[Round "11"]
[White "Knightmare1014"]
[Black "Masterbeaterr"]
[Result "1-0"]
[WhiteElo "2350"]
[BlackElo "2438"]
[TimeControl "180+1"]
[EndTime "10:03:45 PDT"]
[Termination "Knightmare1014 won by resignation"]

1. e4 e5 2. Nf3 Nc6 3. Bb5 a6 4.
Ba4 Nf6 5. O-O Nxe4 6. d4 b5 7.
Bb3 d5 8. dxe5 Be6 9. Re1 Nc5 10. Be3 Nxb3 11. axb3 a5 12. Qe2 Rb8 13. Rd1 Qc8 14. Nc3 Be7 15. Nxd5 O-O 16. Nxe7+ Nxe7 17. Rxa5 c6 18.
Ra7 Nd5 19. Bc5 Re8 20. Bd6 Ra8 21. Rxa8 Qxa8 22. c4 bxc4 23. bxc4 Nf4 24. Qe4 Ng6 25. h3 Qa4 26. Rc1 Rc8 27. Qc2 Qa8 28. b4 Nf4 29. Qe4 Ng6 30. b5 Qa4 31. bxc6 Rxc6 32. Nd2 h5 33. c5 Qa6 34. Nf3 Qc8 35. Nd4 Ra6 36. c6 Nf8 37. c7 Bd7 38. Rb1 Bxh3 39. Rb8 1-0

[Event "Early-Titled-Tuesday-Blitz-March-26-2024"]
[Site "Chess.com"]
[Date "2024.03.26"]
[Round "11"]
[White "Dewarfd"]
[Black "Bada_norovsambuu"]
[Result "0-1"]
[WhiteElo "2145"]
[BlackElo "2234"]
[TimeControl "180+1"]
[EndTime "10:03:45 PDT"]
[Termination "Bada_norovsambuu won on time"]

1. c4 Nf6 2. Nc3 e6 3. e4 d6 4. g3 g6 5. Bg2 Bg7 6. Nge2 O-O 7. O-O c5 8. d4 cxd4 9. Nxd4 Nc6 10. Ndb5 Ne8 11.
Bf4 Ne5 12. Qe2 a6 13. Na3 Qc7 14. Rfd1 Bd7 15. Rac1 Bc6 16. Nd5 exd5 17. cxd5 Qa5 18. dxc6 Nxc6 19. Nc4 Qxa2 20. Nxd6 Nxd6 21. Bxd6 Rfd8 22.
e5 Rac8 23. Bd5 Qa5 24. Ra1 Qb6 25. Qf3 Rd7 26. Ba3 Nd8 0-1

[Event "Early-Titled-Tuesday-Blitz-March-26-2024"]
[Site "Chess.com"]
[Date "2024.03.26"]
[Round "11"]
[White "manitodeplomo"]
[Black "esrosenberg"]
[Result "1-0"]
[WhiteElo "2644"]
[BlackElo "2490"]
[TimeControl "180+1"]
[EndTime "10:03:47 PDT"]
[Termination "manitodeplomo won by resignation"]

1. d4 d5 2. c4 e6 3. Nf3 a6 4. e3 c5 5. Nc3 Nf6 6. Bd2 dxc4 7. Bxc4 b5 8. Bb3 Bb7 9. Qe2 Nbd7 10. O-O Be7 11. Rfd1 O-O 12. Be1 Qc7 13. dxc5 Nxc5 14. Bc2 Nce4 15. Nxe4 Bxe4 16. Bxe4 Nxe4 17. Rac1 Qb7 18.
Ne5 Rad8 19. Qf3 f6 20. Rxd8 Rxd8 21. Nc6 Ng5 22. Qg4 Rd6 23. Nxe7+ Qxe7 24. Bb4 Qd7 25. Bxd6 Qxd6 26. Qd4 Qxd4 27. exd4 Kf7 28. Rc6 a5 29.
Rb6 b4 30. Rb5 Ne4 31. Rxa5 Nd2 32. Rb5 b3 33. a4 Ke7 34. a5 Kd6 35. a6 Nc4 36. a7 Nxb2 37. a8=Q Nd3 38. Qb8+ Ke7 39. Rxb3 1-0

[Event "Early-Titled-Tuesday-Blitz-March-26-2024"]
[Site "Chess.com"]
[Date "2024.03.26"]
[Round "11"]
[White "Anton_Demchenko"]
[Black "Matrix3x3a"]
[Result "1-0"]
[WhiteElo "2977"]
[BlackElo "2632"]
[TimeControl "180+1"]
[EndTime "10:03:52 PDT"]
[Termination "Anton_Demchenko won by resignation"]

1. e4 c5 2. Nf3 d6 3. d4 cxd4 4. Qxd4 Nc6 5. Bb5 Bd7 6. Qd3 Nf6 7. Bg5 a6 8. Bxc6 Bxc6 9. Nc3 Nd7 10. O-O-O Rc8 11. Kb1 f6 12. Bh4 Ne5 13. Nxe5 dxe5 14.
Qh3 Qc7 15. Rd2 Bd7 16. Qf3 Be6 17. Nd5 Bxd5 18. exd5 Qd6 19. Qg4 Rc7 20. f3 g6 21.
Rhd1 Kf7 22. Be1 Bg7 23. Re2 Rhc8 24. Bb4 Qd7 25. Qxd7 Rxd7 26. b3 e6 27. dxe6+ Kxe6 28. Rxd7 Kxd7 29. Rd2+ Ke8 30. c4 Rd8 31. Re2 Kf7 32.
Kc2 Rd7 33. Bc3 Ke6 34. f4 Kf5 35. fxe5 fxe5 36. h3 Ke6 37. a4 Bf6 38. b4 Rc7 39.
Kb3 Rd7 40. c5 Rd3 41. Kc4 Rg3 42. b5 axb5+ 43. axb5 g5 44. b6 h5 45. c6 bxc6 46.
b7 1-0

[Event "Early-Titled-Tuesday-Blitz-March-26-2024"]
[Site "Chess.com"]
[Date "2024.03.26"]
[Round "11"]
[White "daika91"]
[Black "Coach_Istvanovszki"]
[Result "1-0"]
[WhiteElo "2702"]
[BlackElo "2561"]
[TimeControl "180+1"]
[EndTime "10:03:52 PDT"]
[Termination "daika91 won by resignation"]

1. d4 g6 2. e4 Bg7 3. Nc3 c5 4.
dxc5 Bxc3+ 5. bxc3 Nf6 6. Bd3 Qa5 7. Ne2 Qxc5 8. Be3 Qa5 9. O-O Nc6 10. h3 d6 11. f4 b6 12. Nd4 Bb7 13. Bb5 Qxc3 14.
Rf3 O-O 15. Nxc6 Bxc6 16. Bd4 Qa5 17. Bxc6 Rac8 18. Bxf6 Rxc6 19. Bxe7 Re8 20. Bf6 Rxe4 21. c3 d5 22. Bd4 Rce6 23. Qd2 Re2 24. Qd3 Qa3 25.
f5 R6e4 26. fxg6 hxg6 27. Rf2 Qb2 28. Raf1 Qxa2 29. Qg3 Rxf2 30. Qb8+ 1-0

[Event "Early-Titled-Tuesday-Blitz-March-26-2024"]
[Site "Chess.com"]
[Date "2024.03.26"]
[Round "11"]
[White "AlainBruxelles"]
[Black "noblerone"]
[Result "1-0"]
[WhiteElo "2402"]
[BlackElo "2526"]
[TimeControl "180+1"]
[EndTime "10:03:53 PDT"]
[Termination "AlainBruxelles won by resignation"]

1. e4 c5 2. Nf3 e6 3. c3 Nf6 4.
e5 Nd5 5. a3 Nc6 6. d4 cxd4 7.
cxd4 d6 8. Bd3 Be7 9. O-O O-O 10. Nc3 Nxc3 11. bxc3 b6 12. Bf4 dxe5 13. dxe5 Bb7 14. Qc2 h6 15. Rad1 Qc7 16. Qe2 Na5 17. Bb1 Qxc3 18. Nd4 Bc5 19. Rd3 Qc4 20. Rc1 Qd5 21. Nf3 Qe4 22. Qd2 Qg6 23. Rd7 Qh5 24. Qd3 g6 25.
Nd2 Bc6 26. Ne4 Bxe4 27. Qxe4 Qf5 28. Qxa8 Rxa8 29. Bxf5 exf5 30. Bxh6 Nb3 31. Rcd1 Kh7 32. Bg5 Kg7 33. Bf6+ Kh6 34. R1d3 g5 35. Rxf7 f4 36. Rg7 g4 37. Rxg4 1-0

[Event "Early-Titled-Tuesday-Blitz-March-26-2024"]
[Site "Chess.com"]
[Date "2024.03.26"]
[Round "11"]
[White "GMT4114"]
[Black "JAN2404"]
[Result "0-1"]
[WhiteElo "1953"]
[BlackElo "1961"]
[TimeControl "180+1"]
[EndTime "10:03:54 PDT"]
[Termination "JAN2404 won on time"]

1. e4 c5 2. Nc3 d6 3. d4 cxd4 4.
Qxd4 Nf6 5. b3 g6 6. Bb2 Bg7 7. O-O-O O-O 8. f3 Nc6 9. Qd2 a5 10. Bb5 Bd7 11. Nge2 Rc8 12. Kb1 Qb6 13. g4 Ne5 14.
Bxd7 Nfxd7 15. Nd4 Nc5 16. a3 a4 17. b4 Ne6 18.
Ncb5 Nc4 19. Qd3 Nxb2 20. Kxb2 Rfd8 21. c3 d5 22. e5 Nxd4 0-1

[Event "Early-Titled-Tuesday-Blitz-March-26-2024"]
[Site "Chess.com"]
[Date "2024.03.26"]
[Round "11"]
[White "only_strong_moves"]
[Black "ACollins05"]
[Result "1-0"]
[WhiteElo "2687"]
[BlackElo "2512"]
[TimeControl "180+1"]
[EndTime "10:03:57 PDT"]
[Termination "only_strong_moves won by checkmate"]

1. Nc3 Nf6 2. e4 e5 3. Bc4 Nxe4 4. Qh5 Nd6 5. Qxe5+ Qe7 6. Qxe7+ Bxe7 7. Bb3 O-O 8.
Nf3 c6 9. O-O Nf5 10. d4 d5 11.
Re1 Bf6 12. Ne2 Re8 13. c3 Nd6 14. Bf4 Ne4 15. Ne5 Bf5 16. f3 Ng5 17. Ng3 Ne6 18.
Nxf5 Nxf4 19. Nd3 Ne6 20. Nd6 Re7 21. f4 Rd7 22. Nf5 Na6 23. Ne3 Nac7 24. Ng4 Ne8 25. f5 Nf8 26. Nc5 Rc7 27. Re2 h5 28. Nf2 Nd6 29.
Rae1 Nxf5 30. g4 Nh4 31. Re3 Bg5 32. Rg3 hxg4 33. Rxg4 Nf3+ 34. Kh1 Nxe1 35. Rxg5 Nf3 36. Rg4 Nd2 37. Bc2 Nc4 38. Rg3 Re8 39. Ncd3 Re3 40. Rg1 Nxb2 41. Nxb2 Re2 42. Ng4 Rxc2 43. Nd3 Re7 44.
Rg3 Rd2 45. Nf6+ Kh8 46. Rh3+ Nh7 47. Rxh7# 1-0

[Event "Early-Titled-Tuesday-Blitz-March-26-2024"]
[Site "Chess.com"]
[Date "2024.03.26"]
[Round "11"]
[White "blitzking1729"]
[Black "1mbl4"]
[Result "1-0"]
[WhiteElo "2765"]
[BlackElo "2592"]
[TimeControl "180+1"]
[EndTime "10:03:59 PDT"]
[Termination "blitzking1729 won by resignation"]

1. c4 Nf6 2. Nc3 g6 3. g3 Bg7 4.
Bg2 O-O 5. d4 d6 6. Nf3 Nbd7 7.
O-O e5 8. e4 exd4 9. Nxd4 Re8 10. h3 Nc5 11. Re1 Bd7 12. Rb1 a5 13. Ndb5 Bc6 14. Qc2 h6 15. b3 Nfd7 16. Ba3 Qc8 17.
Rbd1 Nf8 18. f4 b6 19. Nd5 Bxd5 20. cxd5 Qd7 21. Bf1 f5 22. e5 dxe5 23. d6 cxd6 24. Nxd6 Re7 25. Nc4 Qc7 26. Nxb6 Rd8 27. Rxd8 Qxd8 28.
Qxc5 Rc7 29. Qd5+ Qxd5 30. Nxd5 Rc2 31. fxe5 Ne6 32. Bc4 1-0

[Event "Early-Titled-Tuesday-Blitz-March-26-2024"]
[Site "Chess.com"]
[Date "2024.03.26"]
[Round "11"]
[White "ploxoi"]
[Black "Kostukov_Alex"]
[Result "1-0"]
[WhiteElo "2432"]
[BlackElo "2295"]
[TimeControl "180+1"]
[EndTime "10:03:59 PDT"]
[Termination "ploxoi won on time"]

1. d4 g6 2. c4 Bg7 3. Nf3 d6 4.
e4 e5 5. d5 f5 6. Nc3 Nf6 7. Bd3 O-O 8. Bg5 h6 9. Bd2 Na6 10. Qc2 Nb4 11. Qb1 Nxd3+ 12. Qxd3 fxe4 13. Nxe4 Bf5 14. Nxf6+ Qxf6 15. Qe3 e4 16. Bc3 Qf7 17. Nd4 c5 18. Nb5 Qe7 19. O-O a6 20. Bxg7 Kxg7 21.
Nc3 Rae8 22. Rae1 Qf6 23. Qg3 Re5 24. Re3 Rfe8 25. Rfe1 h5 26. h4 R8e7 27. Qf4 Kf7 28. g3 Kg7 29. R1e2 Bg4 30. Qxf6+ Kxf6 31. Nxe4+ Rxe4 32.
Rxe4 Bxe2 33. Rf4+ Kg7 34. b3 Bg4 35. Kf1 Bh3+ 36. Kg1 Re1+ 37. Kh2 Bf5 38. a3 1-0

[Event "Early-Titled-Tuesday-Blitz-March-26-2024"]
[Site "Chess.com"]
[Date "2024.03.26"]
[Round "11"]
[White "ljuks68"]
[Black "RebecaJimnz"]
[Result "1-0"]
[WhiteElo "2415"]
[BlackElo "2241"]
[TimeControl "180+1"]
[EndTime "10:04:00 PDT"]
[Termination "ljuks68 won on time"]

1. e4 c5 2. Nf3 Nc6 3. d4 cxd4 4. Nxd4 g6 5. c4 Bg7 6. Be3 Nf6 7. Nc3 Ng4 8. Qxg4 Nxd4 9. Qd1 Ne6 10. Rc1 Qa5 11. Be2 b6 12. Qd5 Qxd5 13. cxd5 Nd4 14. Bd3 O-O 15.
O-O f5 16. f3 f4 17. Bf2 e6 18. dxe6 dxe6 19. Bc4 Kh8 20. Rfd1 Nc6 21. a3 Ne5 22.
Ba2 Bd7 23. Ne2 Rac8 24. Nd4 Rxc1 25. Rxc1 Nd3 26. Rc7 Nxf2 27. Rxd7 Bxd4 28. Rxd4 e5 29.
Rd7 Rc8 30. Kxf2 Rc2+ 31. Kf1 Rxb2 32. Bd5 Rb1+ 33. Ke2 Rb2+ 34. Kd3 Rxg2 35. h4 Rf2 36. a4 Rxf3+ 37. Kc4 Ra3 38. Kb4 Ra1 39. Rxa7 1-0

[Event "Early-Titled-Tuesday-Blitz-March-26-2024"]
[Site "Chess.com"]
[Date "2024.03.26"]
[Round "11"]
[White "chess123456s"]
[Black "the_chess_child"]
[Result "0-1"]
[WhiteElo "2597"]
[BlackElo "2860"]
[TimeControl "180+1"]
[EndTime "10:04:04 PDT"]
[Termination "the_chess_child won by resignation"]

1. e4 c5 2. Nf3 e6 3. g3 Nc6 4.
Bg2 d6 5. O-O Nf6 6. Re1 Be7 7.
e5 dxe5 8. Nxe5 Nxe5 9. Rxe5 O-O 10. d3 Bd6 11. Re1 Rb8 12. a4 Bd7 13. Nd2 b6 14. Nc4 Bc7 15. f4 Nd5 16. Ne5 Be8 17.
Bd2 Qc8 18. Qe2 f6 19. Nc4 Bf7 20. Qf2 Re8 21. Re2 Qd7 22. b3 a6 23. Rae1 b5 24. axb5 axb5 25. Ne3 Ne7 26. Bh3 Bb6 27. Qg2 Nc6 28.
Bc3 Nd4 29. Bxd4 cxd4 30. Ng4 Ba5 31. Rf1 Qc7 32. f5 exf5 33. Rxf5 Rxe2 34. Qxe2 Re8 35. Qf2 Re1+ 36. Bf1 Be6 37. Rxb5 Bxg4 38. b4 Rd1 39. Qxd4 Bh3 40. Rf5 Bb6 0-1

[Event "Early-Titled-Tuesday-Blitz-March-26-2024"]
[Site "Chess.com"]
[Date "2024.03.26"]
[Round "11"]
[White "AjedrezenMadrid"]
[Black "emeli_chess"]
[Result "0-1"]
[WhiteElo "2530"]
[BlackElo "2405"]
[TimeControl "180+1"]
[EndTime "10:04:07 PDT"]
[Termination "emeli_chess won on time"]

1. e4 e5 2. Nf3 Nc6 3. Bc4 Nf6 4.
Ng5 d5 5. exd5 Na5 6. Bb5+ c6 7. dxc6 bxc6 8. Be2 h6 9. Nh3 Bd6 10. d3 O-O 11. Nd2 Nb7 12. O-O Bxh3 13. gxh3 Nc5 14. Kh1 Ne6 15. Nc4 Nf4 16. Bxf4 exf4 17. Bf3 Nd5 18. Rg1 Bc7 19. Rg2 Qh4 20. Qg1 g5 21. Bg4 f5 22. Be2 Qxh3 23. Bf1 Qh4 24. Re1 f3 25. Rg3 Bxg3 26. fxg3 Qh5 27. Ne5 Rae8 28. d4 g4 29. Bc4 Qg5 30. Nxc6 Qd2 31. Bxd5+ Kh8 0-1

[Event "Early-Titled-Tuesday-Blitz-March-26-2024"]
[Site "Chess.com"]
[Date "2024.03.26"]
[Round "11"]
[White "Vahe_Danielyan"]
[Black "ajeale2"]
[Result "1-0"]
[WhiteElo "2614"]
[BlackElo "2450"]
[TimeControl "180+1"]
[EndTime "10:04:08 PDT"]
[Termination "Vahe_Danielyan won on time"]

1. d4 g6 2. c4 Bg7 3. Nc3 d6 4. e4 Nd7 5. Be3 e5 6. d5 Ne7 7. Be2 O-O 8. g4 f5 9. gxf5 gxf5 10. f3 Ng6 11. Kd2 a6 12. Nh3 b5 13. Ng5 Nb6 14.
Ne6 Bxe6 15. dxe6 Nxc4+ 16. Bxc4 bxc4 17. Qe2 d5 18. exd5 e4 19. Qxc4 Ne5 20. Qc5 Qb8 21. Kc2 Nd3 22. Qa3 f4 23. fxe4 Nb4+ 24. Kb1 fxe3 25.
Rg1 Rf2 26. Nd1 Qb5 27. Qc3 Rg2 28. Rxg2 Qd3+ 29. Qxd3 Nxd3 30. Kc2 1-0

[Event "Early-Titled-Tuesday-Blitz-March-26-2024"]
[Site "Chess.com"]
[Date "2024.03.26"]
[Round "11"]
[White "azikom"]
[Black "sansanathalia"]
[Result "1-0"]
[WhiteElo "2625"]
[BlackElo "2435"]
[TimeControl "180+1"]
[EndTime "10:04:09 PDT"]
[Termination "azikom won by resignation"]

1. d4 Nf6 2. c4 e6 3. Nc3 d5 4. Nf3 Be7 5. Bf4 O-O 6. e3 c5 7.
dxc5 Bxc5 8. Qc2 Nc6 9. a3 Re8 10. O-O-O b6 11. cxd5 exd5 12. Kb1 Be6 13. Bb5 Rc8 14.
Ba6 Ra8 15. Ng5 Qe7 16. h4 Rad8 17. Bb5 Rc8 18. Qa4 Qb7 19. Nxe6 fxe6 20. Ba6 Qa8 21.
Bxc8 Qxc8 22. Bg5 Nd7 23. Rc1 a6 24. Rhd1 b5 25. Qc2 Qb7 26. e4 d4 27. Ne2 a5 28. f3 b4 29. a4 Rc8 30. Qc4 Nce5 31. Qxe6+ Kh8 32. Nxd4 Bxd4 33. Rxd4 Rxc1+ 34. Bxc1 Qc8 35. f4 1-0

[Event "Early-Titled-Tuesday-Blitz-March-26-2024"]
[Site "Chess.com"]
[Date "2024.03.26"]
[Round "11"]
[White "dodorox"]
[Black "wild3000"]
[Result "0-1"]
[WhiteElo "2137"]
[BlackElo "2435"]
[TimeControl "180+1"]
[EndTime "10:04:09 PDT"]
[Termination "wild3000 won on time"]

1. d4 a5 2. c4 h5 3. Nc3 h4 4. e4 e6 5. Be3 b6 6. h3 Bb7 7.
Nf3 Bb4 8. Bd3 Nf6 9. Qc2 d6 10. Nd2 Nbd7 11. a3 Bxc3 12. Qxc3 a4 13. e5 Bxg2 14.
Rg1 Bxh3 15. exf6 gxf6 16. Bf1 Bxf1 17. Nxf1 Qe7 18. O-O-O O-O-O 19. Qb4 Kb7 20. Qxa4 Rdg8 21. Nh2 f5 22. c5 dxc5 23. dxc5 Nxc5 24. Bxc5 Qxc5+ 25.
Qc2 Qe5 26. Rh1 Rg2 27. Nf1 Qf4+ 28. Kb1 Rxf2 29. Qc3 Qe4+ 30. Ka1 Qxh1 31. Ne3 Qc6 32. Qxh8 Rf4 33. Qc3 Qxc3 34. bxc3 Rf3 35. Re1 h3 36. Kb2 h2 37. Nc2 Rf2 38. Rh1 e5 39. Kc1 e4 40.
Kd1 f4 41. Ne1 e3 42. a4 Ka6 43. Kc1 Ka5 44. Nd3 Rg2 45. Ne1 Rg1 46. Rxh2 Rxe1+ 0-1

[Event "Early-Titled-Tuesday-Blitz-March-26-2024"]
[Site "Chess.com"]
[Date "2024.03.26"]
[Round "11"]
[White "Resignify"]
[Black "nikitakhoroshev"]
[Result "1-0"]
[WhiteElo "2285"]
[BlackElo "2591"]
[TimeControl "180+1"]
[EndTime "10:04:15 PDT"]
[Termination "Resignify won by resignation"]

1. e4 e5 2. Nf3 Nc6 3. Bb5 a6 4. Ba4 Nf6 5. O-O b5 6. Bb3 Bb7 7. Re1 Bc5 8. c3 d6 9. d3 h6 10.
Be3 Ba7 11. Nbd2 Ng4 12. Bxa7 Nxa7 13. Nf1 c5 14. Ne3 Nxe3 15. fxe3 O-O 16. Rf1 Rc8 17. Bd5 Bxd5 18. exd5 f5 19. a4 g5 20. axb5 Nxb5 21.
Rxa6 Ra8 22. Qa4 Rxa6 23. Qxa6 Nc7 24. Qc6 Rf7 25. Nd2 Qa8 26. Nc4 Qxc6 27. dxc6 Nb5 28. Ra1 f4 29. e4 Rc7 30. Ra8+ Kg7 31. Rb8 Na7 32. Rb7 Rxb7 33. cxb7 Nc6 34. Nxd6 Kf6 35. b4 cxb4 36. cxb4 h5 37. b5 Nb8 38. Nc4 Ke6 39.
Kf2 g4 40. h3 Kd7 41. Nxe5+ Kc7 42. hxg4 hxg4 43. Nc6 Kxb7 44. Nxb8 Kxb8 45. e5 Kb7 46. e6 1-0

[Event "Early-Titled-Tuesday-Blitz-March-26-2024"]
[Site "Chess.com"]
[Date "2024.03.26"]
[Round "11"]
[White "jefferyx"]
[Black "frederiksvane"]
[Result "1-0"]
[WhiteElo "3098"]
[BlackElo "2990"]
[TimeControl "180+1"]
[EndTime "10:04:16 PDT"]
[Termination "jefferyx won by checkmate"]

1. b4 e6 2. Bb2 Nf6 3. a3 a5 4. b5 d6 5. e3 Nbd7 6. Nf3 g6 7. c4 Bg7 8. d4 O-O 9. Nc3 Qe7 10. Be2 e5 11. a4 exd4 12. exd4 Re8 13.
O-O Ne4 14. Bd3 Nxc3 15. Bxc3 Nc5 16. Bc2 Qf6 17. Ra3 Ne4 18. Ba1 Bg4 19. h3 Bxf3 20.
Rxf3 Qg5 21. Re1 Nd2 22. Rg3 Qh6 23. Bd3 Nb3 24. Bxg6 Nxa1 25. Be4 d5 26. cxd5 Re7 27. Qxa1 Rae8 28. Rge3 f5 29. Bxf5 Rxe3 30. fxe3 Rxe3 31. Kh1 Bxd4 32. Be6+ Kf8 33. Rf1+ Ke7 34. Qxd4 Rg3 35.
Qc5+ Kd8 36. Rf8+ Qxf8 37. Qxf8# 1-0

[Event "Early-Titled-Tuesday-Blitz-March-26-2024"]
[Site "Chess.com"]
[Date "2024.03.26"]
[Round "11"]
[White "Cobysters"]
[Black "sokidze"]
[Result "0-1"]
[WhiteElo "2594"]
[BlackElo "2795"]
[TimeControl "180+1"]
[EndTime "10:04:17 PDT"]
[Termination "sokidze won by resignation"]

1. c4 e6 2. Nc3 d5 3. d4 a6 4.
g3 dxc4 5. Bg2 Nf6 6. Nf3 c5 7. O-O Nc6 8. dxc5 Qxd1 9. Rxd1 Bxc5 10. Bg5 O-O 11. Nd2 Na5 12. Nde4 Be7 13. Nxf6+ Bxf6 14. Bxf6 gxf6 15. Ne4 f5 16. Nd6 Rb8 17. a4 Rd8 18. Kf1 Kf8 19. e4 fxe4 20. Bxe4 f5 21. Bf3 Ke7 22. Nxc8+ Rbxc8 23. Ke2 Rc5 24. Ke3 e5 25. Rxd8 Kxd8 26. Rd1+ Ke7 27. Rd5 Nb3 28. h4 b5 29.
axb5 axb5 30. h5 h6 31. Rd1 Nd4 32. Bg2 b4 33. f4 c3 34. fxe5 c2 0-1

[Event "Early-Titled-Tuesday-Blitz-March-26-2024"]
[Site "Chess.com"]
[Date "2024.03.26"]
[Round "11"]
[White "Chxss_Khxsbu"]
[Black "ural58"]
[Result "0-1"]
[WhiteElo "1832"]
[BlackElo "2470"]
[TimeControl "180+1"]
[EndTime "10:04:18 PDT"]
[Termination "ural58 won on time"]

1. e4 d5 2. exd5 Qxd5 3. Nc3 Qa5 4. d4 Nf6 5. Bc4 Nc6 6. Nf3 Bg4 7. h3 Qh5 8. Be3 Bxf3 9. Qxf3 Qxf3 10. gxf3 e6 11.
O-O-O O-O-O 12. f4 Ne7 13. f3 a6 14. Ne4 Nfd5 15.
Bd2 h6 16. Nc5 Nf5 17. Bd3 Bd6 18. Bxf5 exf5 19. Nd3 f6 20. Rhg1 g5 21. fxg5 hxg5 22. Rh1 Rh4 23. c3 Rdh8 24. Nf2 Bg3 25. Be1 Bxf2 26. Bxf2 Rxh3 27. Rhe1 Rxf3 28. Bg1 f4 29. Re6 Kd7 30. Rde1 Rh1 31. c4 Rxg1 32. cxd5 Rxe1+ 33. Rxe1 Re3 34. Rh1 Rd3 35. Rh6 Rxd4 36. Rxf6 Rxd5 37.
Kc2 Ke7 38. Rg6 Kf7 39. Rh6 f3 40. Rh2 g4 41. Rf2 Kf6 42. Kc3 Kf5 43. Kc4 c6 44. Kb4 Kf4 0-1

[Event "Early-Titled-Tuesday-Blitz-March-26-2024"]
[Site "Chess.com"]
[Date "2024.03.26"]
[Round "11"]
[White "Marielchessy"]
[Black "KetiTsatsalashvili"]
[Result "1-0"]
[WhiteElo "2370"]
[BlackElo "2440"]
[TimeControl "180+1"]
[EndTime "10:04:18 PDT"]
[Termination "Marielchessy won on time"]

1. e4 c5 2. Nf3 d6 3. d4 cxd4 4. Nxd4 Nf6 5. Nc3 Nc6 6. Bc4 e6 7. Bb3 a6 8. O-O Be7 9. Kh1 Qc7 10. Bg5 O-O 11. f4 b5 12. f5 Nxd4 13. Qxd4 Rd8 14. a3 exf5 15. exf5 Bb7 16. Rae1 h6 17. Bh4 Re8 18.
Rxe7 Qxe7 19. Bd5 Rac8 20. Bxf6 gxf6 21. Bxb7 Qxb7 22. Nd5 Re2 23. Nxf6+ Kf8 24. Nd5 Kg8 25. Qg4+ Kf8 26. Qxe2 Qxd5 27. c3 Rc5 28. f6 Qe6 29. Qf3 Rg5 30. Qa8+ Qe8 31. Qxa6 Kg8 32. Qb7 Qe2 33.
Qf3 Qxb2 34. Re1 Kh7 35. h4 Rg6 36. Re7 1-0

[Event "Early-Titled-Tuesday-Blitz-March-26-2024"]
[Site "Chess.com"]
[Date "2024.03.26"]
[Round "11"]
[White "Philippians46"]
[Black "MightyGMpretender"]
[Result "0-1"]
[WhiteElo "2973"]
[BlackElo "2784"]
[TimeControl "180+1"]
[EndTime "10:04:21 PDT"]
[Termination "MightyGMpretender won by checkmate"]

1. d4 Nf6 2. Nf3 d5 3. Bf4 e6 4. e3 Be7 5. Bd3 Nbd7 6. Nbd2 Nh5 7. Bg3 b6 8. Ne5 Nxe5 9. Bxe5 Nf6 10. c3 Bb7 11. a4 a5 12. h4 Bd6 13. Nf3 Bxe5 14. Nxe5 O-O 15. h5 Nd7 16. Qc2 h6 17. Ng4 f5 18.
Nh2 Qh4 19. Qe2 c5 20. Kd2 e5 21. Bb5 Qe7 22. Bxd7 Qxd7 23. Nf3 cxd4 24. exd4 e4 25. Ne5 Qe6 26. f4 Ba6 27. Qe3 b5 28. axb5 Bxb5 29. Rhg1 Rfb8 30. b3 Be8 31. Kc2 Bxh5 32. Qh3 Bg4 33. Qe3 Rc8 34. Ra3 Bh5 35. Kb2 Rcb8 36. Qh3 Bg4 37. Qe3 Ra6 38. Rga1 Rab6 39. Kc2 Qc8 40. Rb1 Qa6 41. Nd7 Be2 42. Nxb8 Bd3+ 43.
Kb2 Rxb8 44. Rba1 Qc4 45. Qh3 a4 46. b4 Rxb4+ 47. Kc1 Rb3 48. Rxb3 Qxb3 49. Kd2 Qc2+ 50. Ke1 Qe2# 0-1

[Event "Early-Titled-Tuesday-Blitz-March-26-2024"]
[Site "Chess.com"]
[Date "2024.03.26"]
[Round "11"]
[White "eljanov"]
[Black "vasblesk"]
[Result "1-0"]
[WhiteElo "2921"]
[BlackElo "2789"]
[TimeControl "180+1"]
[EndTime "10:04:22 PDT"]
[Termination "eljanov won by resignation"]

1. e4 e5 2. Nf3 Nf6 3. Nc3 Nc6 4. d4 exd4 5. Nxd4 Bb4 6. Nxc6 bxc6 7. Bd3 d5 8. exd5 cxd5 9. O-O O-O 10. h3 c6 11.
Qf3 Bd6 12. Re1 Rb8 13. b3 h6 14. Bf4 Rb4 15. Bxd6 Qxd6 16. Qe3 Rb7 17. Na4 Rc7 18. Qc5 Qxc5 19. Nxc5 Re8 20. Rxe8+ Nxe8 21. c4 Nd6 22.
cxd5 cxd5 23. b4 a5 24. a3 Kf8 25. Re1 axb4 26. axb4 Bb7 27. f4 Bc6 28. Ra1 Ke7 29. Kf2 Bb5 30. Ke3 Bxd3 31. Kxd3 Nb7 32. Kd4 Nxc5 33.
bxc5 Rb7 34. Kxd5 Rb2 35. Ra7+ Kf6 36. g4 Rd2+ 37. Kc4 Ke6 38. f5+ Kf6 39. c6 Rc2+ 40. Kd5 Rd2+ 41. Kc5 Rc2+ 42. Kd6 Rd2+ 43. Kc5 Rc2+ 44.
Kb5 Rb2+ 45. Ka6 Ra2+ 46. Kb7 Rb2+ 47. Ka8 Rc2 48. c7 Kg5 49. Kb8 Kh4 50. c8=Q Rxc8+ 51. Kxc8 Kxh3 52. Rxf7 Kxg4 53. Kd7 Kg5 54. Ke6 g6 1-0

[Event "Early-Titled-Tuesday-Blitz-March-26-2024"]
[Site "Chess.com"]
[Date "2024.03.26"]
[Round "11"]
[White "The_Straightforward_Rook"]
[Black "carloseduar100"]
[Result "0-1"]
[WhiteElo "2387"]
[BlackElo "2228"]
[TimeControl "180+1"]
[EndTime "10:04:23 PDT"]
[Termination "carloseduar100 won by resignation"]

1. e4 e6 2. b3 d5 3. Bb2 dxe4 4.
Nc3 Nf6 5. Qe2 Qd4 6. O-O-O a6 7.
f3 exf3 8. Nxf3 Qd8 9. d4 Be7 10. d5 Nxd5 11. Nxd5 exd5 12. Bxg7 Rg8 13. Bf6 Nc6 14.
Ne5 Nxe5 15. Qxe5 Be6 16. Bxe7 Qxe7 17. Bd3 Qg5+ 18. Qxg5 Rxg5 19. g3 h5 20. Rde1 O-O-O 21. Rhf1 Kb8 22. Rf4 Rh8 23. Kb2 Rg4 24. Ref1 c6 25.
Bf5 Rxf4 26. Rxf4 Kc7 27. Bd3 Kd6 28. Kc3 a5 29. Kd2 Rg8 30. Rh4 Rg5 31. Be2 Bg4 32. Bxg4 hxg4 33. Ke3 Re5+ 34. Kd3 f5 35. Rh6+ Kc5 36.
Rf6 b5 37. c3 b4 38. Rf8 bxc3 39. Kxc3 Re2 40. Rxf5 Rxa2 41. Rf4 Rxh2 42. Rxg4 Rg2 43. Rg5 Kb5 44. Rg8 Kc5 45. Rg5 Rg1 46. Rg8 d4+ 47.
Kd2 Kb4 48. g4 Kxb3 49. g5 Kc4 50. g6 c5 51. g7 a4 52. Ke2 a3 53. Kf2 Rg6 54.
Kf3 a2 55. Ra8 Rxg7 56. Rxa2 Re7 0-1